[Event "26th Hit Open-A 2022"]
[Site "Nova Gorica"]
[Date "2022.09.18"]
[Round "4.47"]
[White "Mihelj, Edvard"]
[Black "Gamal, Alaa"]
[Result "0-1"]
[ECO "B21"]
[WhiteElo "1657"]
[BlackElo "1693"]
[Annotator "NA COMBH"]
[PlyCount "88"]
[EventDate "2022.09.16"]
[EventType "swiss"]
[EventCountry "SLO"]
[SourceTitle "playchess.com"]
[Source "ChessBase"]
[SourceQuality "1"]
[TimeControl "5400+30"]

1. e4 d5 2. e5 c5 3. f4 Nc6 4. Nf3 Bg4 5. Be2 e6 6. O-O g6 7. Nc3 a6 8. a3 Bg7 9. d3 Nge7 10. Qe1 Nf5 11. Qf2 Bxf3 12. Bxf3 Ncd4 13. g4 Nxf3+ 14. Qxf3 Nh4 15. Qf2 Rc8 16. Ne2 h5 17. g5 Nf5 18. h4 O-O 19. Kh2 Qc7 20. Kh3 b5 21. c3 c4 22. d4 a5 23. Ng3 Nxg3 24. Kxg3 Qb6 25. Bd2 Rfe8 26. Ra2 Bf8 27. Rfa1 Ra8 28. Qe1 Reb8 29. Qf2 Qb7 30. Qe1 Qb6 31. Qf2 Rb7 32. Qe1 Rab8 33. Kf3 b4 34. axb4 axb4 35. Ra6 Qc7 36. Ra8 bxc3 37. bxc3 Rb2 38. Rxb8 Qxb8 39. Qc1 Rb3 40. Ke3 Qb6 41. Kf3 Qxd4 42. Qe1 Bc5 43. Rd1 Qd3+ 44. Kg2 Rb2 0-1

[Event "26th Hit Open-A 2022"]
[Site "Nova Gorica"]
[Date "2022.09.18"]
[Round "5.1"]
[White "Sonis, Francesco"]
[Black "Drazic, Sinisa"]
[Result "0-1"]
[ECO "D45"]
[WhiteElo "2542"]
[BlackElo "2327"]
[Annotator "ChessBase"]
[PlyCount "120"]
[EventDate "2022.09.16"]
[EventType "swiss"]
[EventCountry "SLO"]
[SourceTitle "playchess.com"]
[Source "ChessBase"]
[SourceQuality "1"]
[TimeControl "5400+30"]

1. c4 c6 2. d4 Nf6 3. Nf3 d5 4. e3 a6 5. Nc3 e6 6. b3 c5 7. cxd5 exd5 8. Bb2 Nc6 9. Be2 Bd6 10. dxc5 Bxc5 11. O-O O-O 12. Rc1 Ba7 13. Na4 Ne4 14. Ne5 Qd6 15. Nxc6 bxc6 16. Bf3 Re8 17. Bxe4 Rxe4 18. Bd4 Bxd4 19. exd4 Rh4 20. g3 Bh3 21. Qd2 Bxf1 22. gxh4 Bb5 23. Nc3 h6 24. Qe3 a5 25. Kh1 Qf6 26. Rg1 Kh8 27. Rg4 a4 28. bxa4 Bxa4 29. Rf4 Qe6 30. Qxe6 fxe6 31. Rf7 Bc2 32. Rc7 e5 33. dxe5 d4 34. Rxc6 dxc3 35. Rxc3 Rxa2 36. Kg2 Bf5 37. Kg3 Kg8 38. f3 Ra7 39. Rc6 Kf7 40. Rb6 Ke7 41. Kf4 Be6 42. Kg3 Kf7 43. Rd6 Ra3 44. Kf4 Ra2 45. Rb6 Rxh2 46. Rb7+ Kf8 47. Rb8+ Ke7 48. Rb7+ Bd7 49. Ke4 Rxh4+ 50. Kd5 Ra4 51. Rb6 Ra5+ 52. Ke4 Be6 53. Rb7+ Bd7 54. Rb6 Ra7 55. Rg6 Kf7 56. Rb6 Be6 57. Rb4 Rc7 58. Rb6 g5 59. Rb8 Rc4+ 60. Ke3 Rf4 0-1

[Event "26th Hit Open-A 2022"]
[Site "Nova Gorica"]
[Date "2022.09.18"]
[Round "5.2"]
[White "Davies, Nigel R"]
[Black "Seo, Jung Min"]
[Result "1/2-1/2"]
[ECO "D78"]
[WhiteElo "2420"]
[BlackElo "2516"]
[Annotator "ChessBase"]
[PlyCount "63"]
[EventDate "2022.09.16"]
[EventType "swiss"]
[EventCountry "SLO"]
[SourceTitle "playchess.com"]
[Source "ChessBase"]
[SourceQuality "1"]
[TimeControl "5400+30"]

1. Nf3 d5 2. g3 g6 3. Bg2 Bg7 4. d4 Nf6 5. O-O O-O 6. c4 c6 7. b3 Bf5 8. Bb2 Nbd7 9. Nc3 dxc4 10. bxc4 Nb6 11. c5 Nc4 12. Qb3 Nxb2 13. Qxb2 Qc7 14. Rac1 Rfd8 15. Rfd1 Ne4 16. e3 Nxc3 17. Qxc3 Be4 18. Ne5 Bxg2 19. Kxg2 Bxe5 20. dxe5 Rd7 21. Rxd7 Qxd7 22. Qd4 Qe6 23. a4 Qb3 24. a5 Rc8 25. e4 e6 26. Rc4 Qb5 27. Ra4 Rb8 28. Ra2 Kg7 29. Qd6 Rf8 30. Qd4 Rb8 31. Qd6 Rf8 32. Qd4 1/2-1/2

[Event "26th Hit Open-A 2022"]
[Site "Nova Gorica"]
[Date "2022.09.18"]
[Round "5.3"]
[White "Brilej, Jaka"]
[Black "Stefansson, Vignir Vatnar"]
[Result "0-1"]
[ECO "C01"]
[WhiteElo "2329"]
[BlackElo "2452"]
[Annotator "ChessBase"]
[PlyCount "96"]
[EventDate "2022.09.16"]
[EventType "swiss"]
[EventCountry "SLO"]
[SourceTitle "playchess.com"]
[Source "ChessBase"]
[SourceQuality "1"]
[TimeControl "5400+30"]

1. e4 e6 2. d4 d5 3. Bd3 dxe4 4. Bxe4 Nf6 5. Bf3 Bd6 6. Ne2 O-O 7. O-O Nbd7 8. Nbc3 e5 9. g3 Re8 10. Bg2 c6 11. Bg5 h6 12. dxe5 Bxe5 13. Bf4 Qb6 14. Rb1 Bxf4 15. Nxf4 Ne5 16. h3 Bf5 17. Qc1 Rad8 18. Rd1 Qc5 19. Rxd8 Rxd8 20. Qe1 g5 21. b4 Qe7 22. Nd3 Bxd3 23. cxd3 Rxd3 24. Ne4 Nf3+ 25. Bxf3 Rxf3 26. Nxf6+ Qxf6 27. Rd1 Kg7 28. Rd7 Ra3 29. Qb1 b6 30. Rd2 h5 31. Rd3 Rc3 32. Rxc3 Qxc3 33. Qf5 Qf6 34. Qe4 Qe6 35. Qd4+ f6 36. a4 Kg6 37. Qd3+ f5 38. Qd8 f4 39. h4 gxh4 40. gxh4 Qg4+ 41. Kf1 f3 42. Qd3+ Kf6 43. Qd6+ Kf5 44. Qf8+ Ke4 45. Qe7+ Kd5 46. Qe3 Qe4 47. Qd2+ Kc4 48. b5 Qb1+ 0-1

[Event "26th Hit Open-A 2022"]
[Site "Nova Gorica"]
[Date "2022.09.18"]
[Round "5.4"]
[White "Holtel, Jasper"]
[Black "Kaasen, Tor Fredrik"]
[Result "1/2-1/2"]
[ECO "D78"]
[WhiteElo "2406"]
[BlackElo "2442"]
[Annotator "ChessBase"]
[PlyCount "32"]
[EventDate "2022.09.16"]
[EventType "swiss"]
[EventCountry "SLO"]
[SourceTitle "playchess.com"]
[Source "ChessBase"]
[SourceQuality "1"]
[TimeControl "5400+30"]

1. Nf3 d5 2. g3 g6 3. Bg2 Bg7 4. d4 Nf6 5. O-O O-O 6. c4 c6 7. b3 Bf5 8. Bb2 Ne4 9. e3 Nd7 10. Qe2 a5 11. Nc3 Nxc3 12. Bxc3 Nf6 13. Nd2 Bg4 14. Qd3 Bf5 15. Qe2 Bg4 16. Qd3 Bf5 1/2-1/2

[Event "26th Hit Open-A 2022"]
[Site "Nova Gorica"]
[Date "2022.09.18"]
[Round "5.5"]
[White "Ghazarian, Kirk"]
[Black "Royal, Shreyas"]
[Result "1/2-1/2"]
[ECO "A13"]
[WhiteElo "2440"]
[BlackElo "2412"]
[Annotator "ChessBase"]
[PlyCount "61"]
[EventDate "2022.09.16"]
[EventType "swiss"]
[EventCountry "SLO"]
[SourceTitle "playchess.com"]
[Source "ChessBase"]
[SourceQuality "1"]
[TimeControl "5400+30"]

1. c4 Nf6 2. Nf3 e6 3. g3 d5 4. Bg2 dxc4 5. Qa4+ c6 6. Qxc4 b5 7. Qc2 Bb7 8. O-O Nbd7 9. Nc3 a6 10. b3 c5 11. Bb2 Be7 12. a4 b4 13. Nd1 O-O 14. Ne3 a5 15. Nc4 h6 16. Rac1 Bd5 17. Rfd1 Nb6 18. Nfe5 Nxc4 19. Nxc4 Bxg2 20. Kxg2 Qd5+ 21. Kg1 Qh5 22. Bxf6 Bxf6 23. Qe4 Rfd8 24. Kg2 Ra7 25. Rc2 Qd5 26. Qf3 Bd4 27. Rdc1 f5 28. Nb2 Rc7 29. Nd1 Rdc8 30. Rc4 g5 31. e3 1/2-1/2

[Event "26th Hit Open-A 2022"]
[Site "Nova Gorica"]
[Date "2022.09.18"]
[Round "5.6"]
[White "Wadsworth, Matthew J"]
[Black "Sharan, Rao"]
[Result "1-0"]
[ECO "A14"]
[WhiteElo "2423"]
[BlackElo "2312"]
[Annotator "ChessBase"]
[PlyCount "57"]
[EventDate "2022.09.16"]
[EventType "swiss"]
[EventCountry "SLO"]
[SourceTitle "playchess.com"]
[Source "ChessBase"]
[SourceQuality "1"]
[TimeControl "5400+30"]

1. Nf3 Nf6 2. g3 d5 3. Bg2 e6 4. O-O Be7 5. c4 O-O 6. b3 Nbd7 7. Bb2 b6 8. cxd5 Nxd5 9. d4 Bb7 10. Re1 c5 11. e4 N5f6 12. Nc3 cxd4 13. Nxd4 Ne5 14. Qe2 a6 15. Red1 Qb8 16. Rac1 Qa7 17. Nd5 exd5 18. Nf5 Ng6 19. e5 Ne4 20. Bxe4 dxe4 21. Rd7 Bc5 22. e6 Rac8 23. exf7+ Rxf7 24. Rxf7 Kxf7 25. Qc4+ Ke8 26. Qe6+ Ne7 27. Rxc5 Bc6 28. Nd6+ Kd8 29. Nxc8 1-0

[Event "26th Hit Open-A 2022"]
[Site "Nova Gorica"]
[Date "2022.09.18"]
[Round "5.7"]
[White "Thybo, Jesper Sondergaard"]
[Black "Van Dael, Siem"]
[Result "1/2-1/2"]
[ECO "C88"]
[WhiteElo "2516"]
[BlackElo "2316"]
[Annotator "ChessBase"]
[PlyCount "50"]
[EventDate "2022.09.16"]
[EventType "swiss"]
[EventCountry "SLO"]
[SourceTitle "playchess.com"]
[Source "ChessBase"]
[SourceQuality "1"]
[TimeControl "5400+30"]

1. e4 e5 2. Nf3 Nc6 3. Bb5 a6 4. Ba4 Nf6 5. O-O Be7 6. Re1 b5 7. Bb3 O-O 8. a4 b4 9. d4 d6 10. dxe5 dxe5 11. Nbd2 Bc5 12. Qe2 Qe7 13. h3 Rb8 14. a5 Rd8 15. Bc4 Rd6 16. Bxa6 Nd4 17. Nxd4 Bxa6 18. Nf5 Qd7 19. Nc4 Rc6 20. b3 g6 21. Nh6+ Kg7 22. Bg5 Bd4 23. Bxf6+ Rxf6 24. Ng4 Re6 25. Rad1 Qc6 1/2-1/2

[Event "26th Hit Open-A 2022"]
[Site "Nova Gorica"]
[Date "2022.09.18"]
[Round "5.8"]
[White "Lavrencic, Matic"]
[Black "Subelj, Jan"]
[Result "1/2-1/2"]
[ECO "B11"]
[WhiteElo "2274"]
[BlackElo "2505"]
[Annotator "ChessBase"]
[PlyCount "120"]
[EventDate "2022.09.16"]
[EventType "swiss"]
[EventCountry "SLO"]
[SourceTitle "playchess.com"]
[Source "ChessBase"]
[SourceQuality "1"]
[TimeControl "5400+30"]

1. e4 c6 2. Nc3 d5 3. Nf3 Bg4 4. h3 Bxf3 5. Qxf3 e6 6. Be2 Bc5 7. O-O Nf6 8. Rd1 Bd4 9. Qf4 Bxc3 10. bxc3 Nxe4 11. Rb1 b6 12. Ba3 Qf6 13. Qe3 c5 14. Bb5+ Nd7 15. c4 Nd6 16. cxd5 Nxb5 17. dxe6 O-O 18. Rxb5 Rae8 19. d4 Rxe6 20. Qf3 Qxf3 21. gxf3 Rd6 22. Rbb1 Rc6 23. dxc5 Nxc5 24. Rb5 h6 25. Bxc5 bxc5 26. Rd7 Ra6 27. Rxc5 Rxa2 28. Rcc7 a5 29. Ra7 Rxc2 30. Rxa5 g6 31. Rad5 Rcc8 32. Re7 Kg7 33. Kg2 Rc6 34. Rd4 Rf6 35. Kg3 Ra8 36. Rf4 Ra5 37. Rxf6 Kxf6 38. Re4 Rg5+ 39. Kh2 Re5 40. Ra4 Kf5 41. Kg2 g5 42. Rb4 Ra5 43. Rc4 h5 44. Rb4 Kg6 45. Rb6+ f6 46. Rb4 Rf5 47. Ra4 Kf7 48. Ra7+ Kg6 49. Ra4 Rf4 50. Ra5 Kf7 51. Ra6 Ke7 52. Ra7+ Ke6 53. Ra6+ Ke5 54. Kg3 h4+ 55. Kg2 Rb4 56. Ra3 Kf4 57. Rc3 Rd4 58. Ra3 Rc4 59. Rb3 Rd4 60. Ra3 Rc4 1/2-1/2

[Event "26th Hit Open-A 2022"]
[Site "Nova Gorica"]
[Date "2022.09.18"]
[Round "5.9"]
[White "Diermair, Andreas"]
[Black "Manish Anto Cristiano F"]
[Result "0-1"]
[ECO "D78"]
[WhiteElo "2468"]
[BlackElo "2249"]
[Annotator "ChessBase"]
[PlyCount "98"]
[EventDate "2022.09.16"]
[EventType "swiss"]
[EventCountry "SLO"]
[SourceTitle "playchess.com"]
[Source "ChessBase"]
[SourceQuality "1"]
[TimeControl "5400+30"]

1. Nf3 d5 2. g3 g6 3. Bg2 Bg7 4. d4 c6 5. O-O Nf6 6. c4 O-O 7. a4 Bf5 8. Nc3 Ne4 9. a5 Nxc3 10. bxc3 Be4 11. Qb3 Qc8 12. Bg5 Re8 13. Rfc1 e6 14. Bf4 dxc4 15. Qxc4 Nd7 16. Bd6 b6 17. Bh3 c5 18. Nd2 Bd5 19. Qd3 Qc6 20. Bf4 c4 21. Qc2 f5 22. Re1 e5 23. e4 fxe4 24. Bxd7 Qxd7 25. dxe5 Bxe5 26. Bxe5 Rxe5 27. axb6 e3 28. fxe3 axb6 29. Rxa8+ Bxa8 30. e4 b5 31. Nf3 Re8 32. Nd4 b4 33. Qe2 Rxe4 34. Qxc4+ Bd5 35. Qf1 Rxe1 36. Qxe1 b3 37. Qe2 Qa4 38. Qe5 Qa8 39. Ne6 Qa1+ 40. Kf2 Qa7+ 41. Nd4 b2 42. Qe8+ Kg7 43. Qe5+ Kf8 44. Qd6+ Kg8 45. Qb4 Qb7 46. Nb5 Qf7+ 47. Ke1 Bc4 48. Qxb2 Qf1+ 49. Kd2 Qe2+ 0-1

[Event "26th Hit Open-A 2022"]
[Site "Nova Gorica"]
[Date "2022.09.18"]
[Round "5.10"]
[White "Guid, Matej"]
[Black "Pavlovic, Milos"]
[Result "0-1"]
[ECO "C24"]
[WhiteElo "2292"]
[BlackElo "2468"]
[Annotator "ChessBase"]
[PlyCount "60"]
[EventDate "2022.09.16"]
[EventType "swiss"]
[EventCountry "SLO"]
[SourceTitle "playchess.com"]
[Source "ChessBase"]
[SourceQuality "1"]
[TimeControl "5400+30"]

1. e4 e5 2. Bc4 Nf6 3. d3 c6 4. Nf3 Be7 5. O-O d6 6. Bb3 O-O 7. Re1 Nbd7 8. c3 Nc5 9. Bc2 Bg4 10. h3 Bxf3 11. Qxf3 Ne6 12. Nd2 Nd7 13. Nc4 b5 14. Ne3 Bg5 15. a4 a6 16. axb5 axb5 17. Rxa8 Qxa8 18. Nf5 Bxc1 19. Rxc1 g6 20. Qg4 h5 21. Qg3 Nf4 22. Kf1 Kh7 23. Ne3 Qa2 24. Rb1 Nc5 25. Nd1 Nxe4 26. Qe3 Nf6 27. g3 N4d5 28. Qf3 Kg7 29. Kg2 b4 30. c4 b3 0-1

[Event "26th Hit Open-A 2022"]
[Site "Nova Gorica"]
[Date "2022.09.18"]
[Round "5.11"]
[White "Zamar Kodelja, Jurij"]
[Black "Schreiner, Peter"]
[Result "0-1"]
[ECO "D87"]
[WhiteElo "2241"]
[BlackElo "2405"]
[Annotator "ChessBase"]
[PlyCount "104"]
[EventDate "2022.09.16"]
[EventType "swiss"]
[EventCountry "SLO"]
[SourceTitle "playchess.com"]
[Source "ChessBase"]
[SourceQuality "1"]
[TimeControl "5400+30"]

1. d4 Nf6 2. c4 g6 3. Nc3 d5 4. cxd5 Nxd5 5. e4 Nxc3 6. bxc3 Bg7 7. Bc4 c5 8. Ne2 Nc6 9. Be3 O-O 10. O-O b6 11. Qd2 Bb7 12. Rfd1 e6 13. Bh6 Qe7 14. Bg5 Qd7 15. h4 Rac8 16. Rac1 Na5 17. Bd3 e5 18. dxe5 Bxe5 19. h5 Rfe8 20. hxg6 hxg6 21. Qe3 Qe6 22. Bb5 Bc6 23. Bxc6 Nxc6 24. Rd5 Bg7 25. Ng3 Qxd5 26. exd5 Rxe3 27. Bxe3 Ne5 28. Ne2 Nc4 29. Bf4 Rd8 30. Rd1 b5 31. d6 Bf8 32. Rd5 Bxd6 33. Bxd6 Rxd6 34. Rxc5 Rd1+ 35. Kh2 Rd2 36. Nd4 Rxf2 37. Nxb5 Ne3 38. Nxa7 Rxg2+ 39. Kh3 Rxa2 40. Nb5 Kg7 41. Rc7 Nf5 42. c4 g5 43. Rc6 Ne3 44. Nd6 f5 45. Nxf5+ Nxf5 46. Kg4 Ne7 47. Rb6 Ra5 48. Rd6 Ng8 49. Rc6 Nf6+ 50. Kg3 Kg6 51. Rb6 Ra3+ 52. Kg2 Rc3 0-1

[Event "26th Hit Open-A 2022"]
[Site "Nova Gorica"]
[Date "2022.09.18"]
[Round "5.12"]
[White "Fercec, Nenad"]
[Black "Karlusic, Luka"]
[Result "1-0"]
[ECO "B43"]
[WhiteElo "2403"]
[BlackElo "2215"]
[Annotator "ChessBase"]
[PlyCount "73"]
[EventDate "2022.09.16"]
[EventType "swiss"]
[EventCountry "SLO"]
[SourceTitle "playchess.com"]
[Source "ChessBase"]
[SourceQuality "1"]
[TimeControl "5400+30"]

1. e4 c5 2. Nf3 e6 3. d4 cxd4 4. Nxd4 a6 5. Nc3 Qc7 6. Bd3 Nf6 7. Qe2 Bd6 8. g4 Be5 9. Be3 h5 10. gxh5 Nxh5 11. O-O-O b5 12. Kb1 Bb7 13. Qg4 Nc6 14. Nde2 O-O-O 15. f4 Bxc3 16. Nxc3 Ne7 17. Rhf1 d5 18. Qg1 Rd6 19. Bc5 Rc6 20. Bxe7 Qxe7 21. exd5 Rxc3 22. bxc3 Bxd5 23. Kb2 Kb7 24. f5 Rc8 25. fxe6 fxe6 26. Qd4 Nf6 27. Rde1 Qc7 28. Rg1 Ka8 29. a3 Re8 30. Qe5 Qb7 31. h4 Re7 32. h5 Nd7 33. Qxd5 exd5 34. Rxe7 Qc8 35. Rgxg7 Nc5 36. Bh7 Na4+ 37. Kc1 1-0

[Event "26th Hit Open-A 2022"]
[Site "Nova Gorica"]
[Date "2022.09.18"]
[Round "5.13"]
[White "Zubova, Mariya"]
[Black "Willow, Jonah B"]
[Result "0-1"]
[ECO "C72"]
[WhiteElo "2214"]
[BlackElo "2385"]
[Annotator "ChessBase"]
[PlyCount "82"]
[EventDate "2022.09.16"]
[EventType "swiss"]
[EventCountry "SLO"]
[SourceTitle "playchess.com"]
[Source "ChessBase"]
[SourceQuality "1"]
[TimeControl "5400+30"]

1. e4 e5 2. Nf3 Nc6 3. Bb5 a6 4. Ba4 d6 5. c3 Bd7 6. O-O g5 7. d4 g4 8. Ne1 h5 9. f4 exd4 10. cxd4 d5 11. e5 Nh6 12. Nc3 Ne7 13. f5 Nhxf5 14. Bg5 c6 15. Bc2 Qb6 16. Bxe7 Nxe7 17. Na4 Qc7 18. Nc5 Bc8 19. Qe2 Rh6 20. Qf2 Ng8 21. Ned3 b6 22. Na4 Be6 23. Nf4 b5 24. Nb6 Rb8 25. Nxe6 Rxe6 26. Bf5 Qe7 27. Bxe6 Qxe6 28. Nd7 Kxd7 29. Qxf7+ Qxf7 30. Rxf7+ Ke6 31. Raf1 Be7 32. Rh7 c5 33. dxc5 Bxc5+ 34. Kh1 d4 35. Rxh5 d3 36. Rd1 Rd8 37. Rg5 d2 38. Rg6+ Kf5 39. Rxa6 Ne7 40. a4 Kxe5 41. axb5 Nf5 0-1

[Event "26th Hit Open-A 2022"]
[Site "Nova Gorica"]
[Date "2022.09.18"]
[Round "5.14"]
[White "Gregoric, Andraz"]
[Black "Thavandiran, Shiyam"]
[Result "1/2-1/2"]
[ECO "C07"]
[WhiteElo "2182"]
[BlackElo "2363"]
[Annotator "ChessBase"]
[PlyCount "123"]
[EventDate "2022.09.16"]
[EventType "swiss"]
[EventCountry "SLO"]
[SourceTitle "playchess.com"]
[Source "ChessBase"]
[SourceQuality "1"]
[TimeControl "5400+30"]

1. e4 e6 2. d4 d5 3. Nd2 c5 4. exd5 Qxd5 5. Ngf3 cxd4 6. Bc4 Qd6 7. O-O Nf6 8. Nb3 Nc6 9. Nbxd4 Nxd4 10. Nxd4 Be7 11. b3 a6 12. a4 O-O 13. Bb2 Qf4 14. Qf3 Qxf3 15. Nxf3 b6 16. Bd4 Bd8 17. Be2 Bb7 18. c4 a5 19. Rfb1 Be4 20. Rb2 Bc7 21. b4 axb4 22. Rxb4 Nd7 23. Nd2 Bc6 24. Bf3 Bxf3 25. gxf3 Rfc8 26. Rb5 Bd8 27. Kf1 Ra6 28. Be3 Kf8 29. Rb3 Rca8 30. Rba3 Be7 31. R3a2 Nc5 32. Bxc5 Bxc5 33. Nb3 Bd6 34. h3 Be5 35. Re1 Bc3 36. Rc1 Bb4 37. c5 bxc5 38. Nxc5 Bxc5 39. Rxc5 Rxa4 40. Rxa4 Rxa4 41. Rc8+ Ke7 42. Rc5 Rd4 43. Kg2 Kf6 44. Rb5 Rd7 45. Ra5 e5 46. Ra4 Kf5 47. Rb4 f6 48. Ra4 h5 49. Rb4 Rd6 50. Ra4 Rc6 51. Rb4 Rc3 52. Ra4 Rd3 53. Rb4 Rd4 54. Rb3 Kf4 55. Ra3 g5 56. Rb3 f5 57. Ra3 Rb4 58. Rc3 Ra4 59. Rb3 Rd4 60. Ra3 Rd2 61. Ra4+ Rd4 62. Ra3 1/2-1/2

[Event "26th Hit Open-A 2022"]
[Site "Nova Gorica"]
[Date "2022.09.18"]
[Round "5.15"]
[White "Tisaj, Domen"]
[Black "Devnani Kush"]
[Result "1-0"]
[ECO "B50"]
[WhiteElo "2325"]
[BlackElo "2095"]
[Annotator "ChessBase"]
[PlyCount "69"]
[EventDate "2022.09.16"]
[EventType "swiss"]
[EventCountry "SLO"]
[SourceTitle "playchess.com"]
[Source "ChessBase"]
[SourceQuality "1"]
[TimeControl "5400+30"]

1. e4 c5 2. Nf3 d6 3. Bc4 Nf6 4. d3 Nc6 5. O-O e6 6. Qe2 Be7 7. c3 O-O 8. Bb3 e5 9. Nbd2 h6 10. Re1 Be6 11. Nf1 Re8 12. Ng3 Nd7 13. Be3 Nf8 14. Bc2 d5 15. Ba4 d4 16. Bd2 Qc7 17. Nf5 Rab8 18. Rac1 b5 19. Bb3 Qd7 20. cxd4 Bxf5 21. exf5 exd4 22. g4 Bd6 23. Qf1 Rxe1 24. Rxe1 Re8 25. Rc1 Qe7 26. Qg2 Ne5 27. Re1 Nxf3+ 28. Qxf3 Qd7 29. Rxe8 Qxe8 30. f6 g5 31. Qh3 Ne6 32. Qxh6 Bf8 33. Qh5 c4 34. dxc4 Qa8 35. Bc2 1-0

[Event "26th Hit Open-A 2022"]
[Site "Nova Gorica"]
[Date "2022.09.18"]
[Round "5.16"]
[White "Lodici, Lorenzo"]
[Black "Gschiel, Alexander"]
[Result "1/2-1/2"]
[ECO "D32"]
[WhiteElo "2559"]
[BlackElo "2196"]
[Annotator "ChessBase"]
[PlyCount "104"]
[EventDate "2022.09.16"]
[EventType "swiss"]
[EventCountry "SLO"]
[SourceTitle "playchess.com"]
[Source "ChessBase"]
[SourceQuality "1"]
[TimeControl "5400+30"]

1. Nf3 d5 2. e3 Nf6 3. b3 e6 4. Bb2 c5 5. c4 Nc6 6. cxd5 exd5 7. Nc3 Be7 8. d4 O-O 9. Be2 Be6 10. O-O Rc8 11. Rc1 Ne4 12. dxc5 Nxc5 13. Qc2 Qd7 14. Rfd1 Rfd8 15. Qb1 Qe8 16. Qa1 Qf8 17. Nb5 Ne4 18. Nfd4 Nxd4 19. Nxd4 Ba3 20. Bxa3 Qxa3 21. Nxe6 fxe6 22. Bg4 Qd6 23. Qd4 Nf6 24. Bh3 b6 25. g3 Kf7 26. Rxc8 Rxc8 27. e4 Qc5 28. Qe5 Re8 29. exd5 exd5 30. Qb2 Qb4 31. Bf1 Re1 32. Qd2 Qxd2 33. Rxd2 Ke6 34. f3 Kd6 35. Kf2 Rc1 36. h4 Kc5 37. g4 h6 38. g5 Nh5 39. Bh3 Nf4 40. Bf5 d4 41. gxh6 gxh6 42. Kg3 Nd5 43. Kg4 Ne3+ 44. Kf4 Rh1 45. Be4 Rxh4+ 46. Ke5 Rh1 47. f4 Ng4+ 48. Kf5 Ne3+ 49. Kf6 Rf1 50. Ke5 Ng4+ 51. Kf5 Ne3+ 52. Ke5 Ng4+ 1/2-1/2

[Event "26th Hit Open-A 2022"]
[Site "Nova Gorica"]
[Date "2022.09.18"]
[Round "5.17"]
[White "Marn, Jan"]
[Black "Lohia, Sohum"]
[Result "1-0"]
[ECO "E04"]
[WhiteElo "2307"]
[BlackElo "2185"]
[Annotator "ChessBase"]
[PlyCount "119"]
[EventDate "2022.09.16"]
[EventType "swiss"]
[EventCountry "SLO"]
[SourceTitle "playchess.com"]
[Source "ChessBase"]
[SourceQuality "1"]
[TimeControl "5400+30"]

1. d4 Nf6 2. c4 e6 3. g3 d5 4. Nf3 dxc4 5. Bg2 Nc6 6. O-O Rb8 7. e3 b5 8. b3 cxb3 9. axb3 Bb7 10. Qe2 a6 11. Rd1 Be7 12. Ne5 Nxe5 13. dxe5 Nd7 14. Bxb7 Rxb7 15. Rxa6 O-O 16. Bb2 Qc8 17. Nd2 Rd8 18. Ne4 Nc5 19. Nxc5 Bxc5 20. Rc6 Be7 21. Rdc1 Rd5 22. Bd4 Qd7 23. Qa2 Rb8 24. Rxc7 Qe8 25. Qa7 Bf8 26. Qa6 Rd7 27. Rc8 Rd8 28. Rxb8 Rxb8 29. Rc7 g6 30. Ba7 Ra8 31. Qb7 Rd8 32. Kg2 Kg7 33. Bd4 Kg8 34. Qf3 Rc8 35. Ra7 Bc5 36. Rb7 Bxd4 37. exd4 Rd8 38. Rb6 Rxd4 39. Qb7 Rd5 40. Qc7 Rd8 41. Rxb5 Qxb5 42. Qxd8+ Kg7 43. Qf6+ Kg8 44. Qd8+ Kg7 45. Qf6+ Kg8 46. Qf3 Qxe5 47. Qb7 Qf5 48. b4 e5 49. Qa8+ Kg7 50. Qd5 h5 51. h4 Qf6 52. b5 Kf8 53. Qa8+ Ke7 54. Qb7+ Kf8 55. Qc8+ Kg7 56. Qc6 Qf5 57. b6 Qb1 58. b7 Kh6 59. Qc8 Qe4+ 60. Kh2 1-0

[Event "26th Hit Open-A 2022"]
[Site "Nova Gorica"]
[Date "2022.09.18"]
[Round "5.18"]
[White "Stevanic, David"]
[Black "Leitner, Gerald"]
[Result "1/2-1/2"]
[ECO "B15"]
[WhiteElo "2261"]
[BlackElo "2181"]
[Annotator "ChessBase"]
[PlyCount "63"]
[EventDate "2022.09.16"]
[EventType "swiss"]
[EventCountry "SLO"]
[SourceTitle "playchess.com"]
[Source "ChessBase"]
[SourceQuality "1"]
[TimeControl "5400+30"]

1. e4 g6 2. d4 Bg7 3. Nc3 c6 4. f4 d5 5. e5 h5 6. Nf3 Nh6 7. Be3 Bg4 8. Be2 Nd7 9. O-O Nf8 10. Na4 Nf5 11. Qd2 Bxf3 12. Rxf3 Ne6 13. Nc5 Nxc5 14. dxc5 O-O 15. Bf2 f6 16. exf6 Bxf6 17. Rb3 Qc7 18. g4 hxg4 19. Bxg4 Bg7 20. Re1 Rae8 21. Re6 Rf6 22. Bxf5 gxf5 23. Bd4 Rxe6 24. Rg3 Rf6 25. Be5 Qc8 26. Qg2 Qe6 27. Rxg7+ Kf8 28. Rg5 Kf7 29. Rg7+ Kf8 30. Rg5 Kf7 31. Rg7+ Kf8 32. Rg5 1/2-1/2

[Event "26th Hit Open-A 2022"]
[Site "Nova Gorica"]
[Date "2022.09.18"]
[Round "5.19"]
[White "Ronka, Erik"]
[Black "Herega, Nejc"]
[Result "1-0"]
[ECO "B90"]
[WhiteElo "2248"]
[BlackElo "2146"]
[Annotator "ChessBase"]
[PlyCount "97"]
[EventDate "2022.09.16"]
[EventType "swiss"]
[EventCountry "SLO"]
[SourceTitle "playchess.com"]
[Source "ChessBase"]
[SourceQuality "1"]
[TimeControl "5400+30"]

1. e4 c5 2. Nf3 d6 3. d4 cxd4 4. Nxd4 Nf6 5. Nc3 a6 6. Be3 e5 7. Nb3 Be7 8. f3 Be6 9. Qd2 h5 10. Nd5 Nxd5 11. exd5 Bf5 12. Be2 a5 13. a4 Nd7 14. O-O O-O 15. f4 exf4 16. Bxf4 Rc8 17. c3 Bg6 18. Bb5 Ne5 19. Rae1 Bf6 20. Qe2 Bh4 21. Rd1 Bf6 22. Kh1 Rc7 23. h3 Re7 24. Qf2 Qc7 25. Rfe1 h4 26. Bh2 Bh5 27. Ra1 Bg6 28. Qf1 Nd7 29. Rxe7 Bxe7 30. Re1 Bf6 31. Qc4 Qxc4 32. Bxc4 Ne5 33. Bb5 Ra8 34. Bg1 Nd3 35. Re2 Nf4 36. Rd2 Be4 37. Bh2 Nxh3 38. Bxd6 Ng5 39. Nc5 h3 40. Bf1 Rd8 41. Bc7 Rc8 42. d6 Bc6 43. Bb6 Kh7 44. d7 Rd8 45. Bxa5 Kg6 46. Bxd8 Bxd8 47. b4 f5 48. b5 Be4 49. Ne6 1-0

[Event "26th Hit Open-A 2022"]
[Site "Nova Gorica"]
[Date "2022.09.18"]
[Round "5.20"]
[White "Verbin, Valentina"]
[Black "Thuesen, Mogens"]
[Result "1-0"]
[ECO "C42"]
[WhiteElo "2049"]
[BlackElo "2242"]
[Annotator "RC"]
[PlyCount "102"]
[EventDate "2022.09.16"]
[EventType "swiss"]
[EventCountry "SLO"]
[SourceTitle "playchess.com"]
[Source "ChessBase"]
[SourceQuality "1"]
[TimeControl "5400+30"]

1. e4 e5 2. Nf3 Nf6 3. Nxe5 d6 4. Nf3 Nxe4 5. d4 d5 6. Bd3 Bd6 7. O-O O-O 8. c4 c6 9. Nc3 Bf5 10. Qc2 Na6 11. a3 Re8 12. Re1 Re6 13. Nxe4 dxe4 14. Bxe4 Qe7 15. Bg5 Bxe4 16. Rxe4 f6 17. Rxe6 Qxe6 18. Re1 Qf7 19. Bh4 Nc7 20. Bg3 Bxg3 21. hxg3 Rd8 22. b3 g6 23. Qc3 Qf8 24. Qa5 Na6 25. b4 h5 26. b5 cxb5 27. cxb5 Rd5 28. Qc3 Nb8 29. Qc4 Qd8 30. Re8+ Qxe8 31. Qxd5+ Qf7 32. Qd8+ Qf8 33. Qc7 b6 34. d5 Qe8 35. Nd4 Nd7 36. Ne6 g5 37. Qxa7 f5 38. Qc7 Qe7 39. a4 h4 40. gxh4 gxh4 41. a5 bxa5 42. b6 Kf7 43. b7 a4 44. b8=Q Nxb8 45. Qxb8 a3 46. Qb3 Qa7 47. Qc3 Kg6 48. Nf4+ Kf7 49. Ne6 Kg6 50. Qa1 Qe7 51. f4 Qd7 1-0